 Dungeon Crawl Stone Soup version 0.26.1-11-gd32895ea62 (webtiles) character file.

Game seed: 5405420682865153582

732 Zeld the Cudgeller (level 7, 0/59 HPs)
             Began as a Black Draconian Gladiator on June 12, 2021.
             Slain by a bullfrog (2 damage)
             ... on level 4 of the Dungeon.
             The game lasted 00:05:48 (5343 turns).

Zeld the Cudgeller (Black Draconian Gladiator)      Turns: 5343, Time: 00:05:48

Health: 0/59       AC:  9    Str: 18    XL:     7   Next: 45%
Magic:  7/7        EV: 14    Int:  9    God:
Gold:   168        SH:  0    Dex: 12    Spells: 6/6 levels left

rFire    . . .     SeeInvis .   a - +0 flail
rCold    . . .     Faith    .   (no shield)
rNeg     . . .     Spirit   .   (armour unavailable)
rPois    .         Reflect  .   b - +0 hat
rElec    +         Harm     .   r - +2 cloak {Will+}
rCorr    .         Rampage  .   (no gloves)
Will     +....                  (no boots)
Stlth    +.........             (no amulet)
HPRegen  0.19/turn              (no ring)
MPRegen  0.10/turn              (no ring)

@: short of breath
A: breathe lightning, unfitting armour, electricity resistance, cold-blooded, AC
+6
a: Breathe Lightning


You were on level 4 of the Dungeon.
You visited 1 branch of the dungeon, and saw 4 of its levels.

You collected 168 gold pieces.

Inventory:

Hand Weapons
 a - a +0 flail (weapon)
Missiles
 e - 183 stones (quivered)
 j - 8 boomerangs
 q - 6 poisoned darts
 s - 3 silver javelins
Armour
 b - a +0 hat (worn)
 r - a +2 cloak of willpower (worn)
Jewellery
 m - a cursed -4 ring of protection {unknown}
Scrolls
 d - a scroll of identify {unknown}
 f - 2 scrolls of teleportation {unknown}
 i - a scroll of fog {unknown}
 n - a scroll of blinking {unknown}
 o - a scroll of magic mapping {unknown}
 p - 2 scrolls of remove curse {unknown}
Potions
 c - a potion of curing {unknown}
 g - 3 potions of brilliance {unknown}
 h - a potion of mutation {unknown}
 l - a potion of resistance {unknown}


   Skills:
 + Level 4.1 Fighting
 * Level 5.6 Maces & Flails
 * Level 4.5 Throwing
 + Level 4.1 Dodging


You had 6 spell levels left.
You didn't know any spells.
Your spell library was empty.

Dungeon Overview and Level Annotations

Branches:
Dungeon (4/15)
 Temple: D:4-7

Altars:
Cheibriados
Makhleb
Nemelex Xobeh
Sif Muna
Yredelemnul


Innate Abilities, Weirdness & Mutations

You can breathe wild blasts of lightning.
Your glossy black scales are hard. (AC +6)
You cannot fit into any form of body armour.
You are resistant to electric shocks. (rElec)
You are cold-blooded and may be slowed by cold attacks.


Message History

Beogh smites you!
* * * LOW HITPOINT WARNING * * *
Unknown command.
Unknown command.
Unknown command.
You breathe a wild blast of lightning!
The orb of electricity explodes!
The orb of electricity engulfs the bullfrog.
The bullfrog is severely wounded.
The orb of electricity engulfs the orc!!
You kill the orc!
The orb of electricity engulfs the orc!!
You kill the orc!
The orb of electricity engulfs you! You resist.
* * * LOW HITPOINT WARNING * * *
The orb of electricity engulfs the orc.
The orc is moderately wounded.
The orb of electricity engulfs the orc priest!!
You kill the orc priest!
The bullfrog hits you.
You die...

#.# ##....# #.# #..#.#
#†# #..#.####
#########.# #.......#
........).######..###.#
.(........+......>...[#
..........##.#.#..#####
#########.##.#.#..#
#[F@[..#......#
#)###..#..##..# ### .o
#..#....#)## #.. #.
......##.#..###.# ..
##.##.##.....##.# #.
#.#...).#....... .
#.##..###...####
#.#...#####.....
#...............


You could see a bullfrog and an orc.

Vanquished Creatures
  Sigmund (D:3)
  Eustachio (D:4)
  A human (D:3)
  A phantom (D:4)
  2 orc priests (D:4)
  Crazy Yiuf (D:3)
  A worker ant (D:4)
  4 adders
  A gnoll (D:1)
  4 dart slugs
  3 leopard geckos
  5 orcs
  3 ball pythons
  11 bats
  2 giant cockroaches
  10 goblins
  13 hobgoblins
  A quokka (D:4)
  6 frilled lizards
  6 kobolds
  A leopard gecko skeleton (D:4)
  6 rats
84 creatures vanquished.

Notes
Turn   | Place    | Note
-------+----------+-------------------------------------------
     0 | D:1      | Zeld the Draconian Gladiator began the quest for the Orb.
     0 | D:1      | Reached XP level 1. HP: 17/17 MP: 1/1
   134 | D:1      | Reached XP level 2. HP: 25/25 MP: 2/2
   463 | D:1      | Reached XP level 3. HP: 30/30 MP: 3/3
  1213 | D:2      | Found a sparkling altar of Nemelex Xobeh.
  1290 | D:2      | Reached XP level 4. HP: 27/37 MP: 4/4
  1611 | D:2      | Found a shimmering blue altar of Sif Muna.
  1859 | D:3      | Found a burning altar of Makhleb.
  2063 | D:3      | Reached skill level 4 in Maces & Flails
  2133 | D:3      | Found a runed translucent door.
  2133 | D:3      | Noticed a human
  2137 | D:3      | Found a basalt altar of Yredelemnul.
  2206 | D:3      | Killed a human
  2207 | D:3      | Reached XP level 5. HP: 17/45 MP: 5/5
  2467 | D:3      | Noticed Sigmund
  4202 | D:3      | Found a runed translucent door.
  4203 | D:3      | Noticed Crazy Yiuf
  4211 | D:3      | Killed Crazy Yiuf
  4212 | D:3      | Reached XP level 6. HP: 29/51 MP: 6/6
  4517 | D:3      | Found a basalt altar of Yredelemnul.
  4618 | D:3      | Killed Sigmund
  4619 | D:3      | Reached skill level 5 in Maces & Flails
  4745 | D:3      | Found a burning altar of Makhleb.
  4938 | D:4      | Found a snail-covered altar of Cheibriados.
  5114 | D:4      | Your scales start taking on a glossy black colour.
  5114 | D:4      | Reached XP level 7. HP: 36/58 MP: 7/7
  5114 | D:4      | Gained mutation: You are resistant to electric shocks.
                  | (rElec) [Black Draconian growth]
  5265 | D:4      | Noticed Eustachio
  5275 | D:4      | Killed Eustachio
  5343 | D:4      | HP: 2/59 [bounced beam (8)]
  5343 | D:4      | Slain by a bullfrog

Illustrated notes

Levels and vault maps discovered:
D:1:      dpeg_arrival_orchard, layout_basic, minmay_misc_feat_five
D:2:      layout_basic, lemuel_coloured_pillars_altar,
          nemelex_xobeh_ov_fountains_minmay
D:3:      layout_rooms, old_standard_altar, dk_yredelemnul_ordeal,
          uniq_crazy_yiuf_cottage, uniq_sigmund
D:4:      cheibrodos_old_hovel, layout_basic, eat_drink_and_be_merry_uskayaw,
          cheibriados_altar_1, vehumet_altar_wand_db, uniq_blork_the_orc,
          uniq_pikel, uniq_eustachio

Skill      XL: |  1  2  3  4  5  6  7 |
---------------+----------------------+-----
Throwing       | 2 3 4 |  4.5
Dodging        | 3 4 |  4.1
Maces & Flails | 4 5 |  5.6
Fighting       | 3 4 |  4.1

Action                   |  1- 3 |  4- 6 |  7- 9 || total
-------------------------+-------+-------+-------++-------
Melee: Flail             |   113 |   130 |    30 ||   273
       Tailslap          |     6 |    14 |     2 ||    22
Throw: Throwing net      |       |     6 |       ||     6
 Abil: Breathe Lightning |       |       |     3 ||     3
 Stab: Held in net/web   |       |     6 |       ||     6
Armor: Skin              |    69 |    52 |    10 ||   131
Dodge: Dodged            |   150 |    87 |    24 ||   261
